 Dungeon Crawl Stone Soup version 0.17-a0-1508-ge7f3dc3 (webtiles) character file.

21785 Chiseanne the Protected (level 12, -1/99 HPs)
             Began as a Demonspawn Warper on July 10, 2015.
             Was an Initiate of Gozag.
             Slain by a troll (9 damage)
             ... on level 12 of the Dungeon.
             The game lasted 00:49:00 (18450 turns).

Chiseanne the Protected (Demonspawn Warper)        Turns: 18450, Time: 00:49:00

Health: -1/99      AC: 17    Str: 15    XL:     12   Next: 57%
Magic:  23/23      EV: 10    Int: 17    God:    Gozag
Gold:   740        SH:  0    Dex: 15    Spells: 6 memorised, 11 levels left

rFire  + . .     SeeInvis .     a - +4 trident (venom)
rCold  . . .     Clarity  .     J - +2 chain mail "Nyshrib" {rF+ Int+3}
rNeg   . . .     SustAt   .     (no shield)
rPois  .         Gourm    .     (no helmet)
rElec  .         Spirit   .     (no cloak)
rCorr  .         Warding  .     (no gloves)
rMut   .         Stasis   .     (no boots)
MR     .....                    (no amulet)
Stlth  ..........               E - +3 ring of protection
                                R - +4 ring of slaying

@: not resistant to hostile enchantments, extremely unstealthy
A: claws 2, rugged brown scales 1, demonic guardian 2, powered by pain 3
a: Potion Petition, Call Merchant, Bribe Branch, Renounce Religion


You were on level 12 of the Dungeon.
You worshipped Gozag.
Gozag was noncommittal.
You were not hungry.

You visited 2 branches of the dungeon, and saw 13 of its levels.
You also visited: Sewer.

You collected 3155 gold pieces.
You spent 1092 gold pieces at shops.
You paid 1323 gold pieces to Gozag.

Inventory:

Hand weapons
 a - a +4 trident of venom (weapon)
 e - a +2 longbow of flaming
 s - the +9 great mace "Usoso" {crush, *Corrode Int+4 Stlth+}
   (You found it in a sewer)

   It inflicts extra damage upon your enemies.
   It affects your intelligence (+4).
   It may corrode your equipment when you take damage.
   It makes you more stealthy.
 w - a +0 blowgun
 K - a +0 blowgun
Missiles
 b - 199 arrows
 h - 141 sling bullets
 j - 55 bolts
 l - 12 arrows of flame
 o - 14 exploding sling bullets
 t - 47 poisoned needles
 O - 14 javelins
 S - 31 poisoned arrows
 U - 6 bolts of flame
 W - 17 tomahawks (quivered)
Armour
 J - the +2 chain mail "Nyshrib" (worn) {rF+ Int+3}
   (You found it on level 6 of the Dungeon)

   It affects your intelligence (+3).
   It protects you from fire.
Jewellery
 q - an uncursed ring of protection from fire
 x - an uncursed ring of protection from magic
 E - a +3 ring of protection (right claw)
 H - an uncursed ring of see invisible
 R - a +4 ring of slaying (left claw)
 V - the ring "Icwinn" {-Tele rN+++ MP-9 Str+5 Dex+3, unknown}
   (You took it off a crimson imp on level 12 of the Dungeon)

   [ring of strength]

   It affects your strength (+5).
   It affects your dexterity (+3).
   It renders you almost immune to negative energy.
   It affects your magic capacity (-9).
   It prevents most forms of teleportation.
Magical devices
 y - a wand of lightning (0)
 z - a wand of digging (18)
 F - a wand of digging (19)
 G - a wand of draining (5)
 I - a wand of cold (9)
 Q - a wand of lightning (10)
Scrolls
 d - 3 scrolls of blinking
 g - a scroll of immolation
 i - 2 scrolls of magic mapping
 k - 6 scrolls of identify
 n - 5 scrolls of recharging
 p - 4 scrolls of teleportation
 r - 8 scrolls of remove curse
Potions
 f - 3 potions of cure mutation
 m - 2 potions of flight
 u - 2 potions of heal wounds
 A - 3 potions of haste
 C - a potion of magic
 D - 2 potions of might
 L - 2 potions of brilliance
 M - a potion of cancellation
 N - a potion of mutation
 P - a potion of curing
Books
 c - a book of Spatial Translocations

   Spells                             Type                      Level
   a - Apportation                    Translocation                1
   b - Blink                          Translocation                2
   c - Shroud of Golubria             Charms/Translocation         2
   d - Portal Projectile              Translocation                3
   e - Teleport Other                 Translocation                3
   f - Passage of Golubria            Translocation                4
 T - a book of Summonings

   Spells                             Type                      Level
   a - Recall                         Summoning/Translocation      3
   b - Aura of Abjuration             Summoning                    5
   c - Shadow Creatures               Summoning                    5
   d - Summon Demon                   Summoning                    5
   e - Summon Forest                  Summoning/Translocation      5
   f - Summon Mana Viper              Hexes/Summoning              5
Comestibles
 v - 8 meat rations
 B - 6 bread rations


   Skills:
 - Level 10.2 Fighting
   Level 1.7(3.6) Axes
 * Level 5.0(5.1) Maces & Flails
 - Level 0.8 Throwing
 * Level 10.4 Armour
 + Level 7.7 Dodging
 + Level 7.7 Spellcasting
 + Level 7.9 Translocations


You had 11 spell levels left.
You knew the following spells:

 Your Spells              Type           Power        Failure   Level  Hunger
a - Apportation           Tloc           ####......   6%          1    None
b - Blink                 Tloc           N/A          10%         2    None
c - Shroud of Golubria    Chrm/Tloc      ###.......   43%         2    None
d - Portal Projectile     Tloc           ####..       17%         3    #......
e - Teleport Other        Tloc           ####....     17%         3    #......
f - Passage of Golubria   Tloc           N/A          58%         4    ###....


Dungeon Overview and Level Annotations

Branches:
Dungeon (12/15)            Temple (1/1) D:4            Lair (0/8) D:8
    Orc (0/4) D:10

Altars:
Ashenzari
Cheibriados
Dithmenos
Elyvilon
Fedhas
Gozag
Kikubaaqudgha
Makhleb
Nemelex Xobeh
Okawaru
Qazlal
Ru
Sif Muna
Trog
Vehumet
Xom
Yredelemnul
Zin
The Shining One

Shops:
D:6 [   D:11 =(   D:13 [


Innate Abilities, Weirdness & Mutations

You have very sharp fingernails.
You are partially covered in rugged brown scales (AC +1, +3% HP).
A demonic guardian rushes to your aid.
You are powered by pain.


Message History

The troll misses you. The troll barely misses you. The troll barely misses you.
The troll claws you.
* * * LOW HITPOINT WARNING * * *
The troll misses you.
Your magical contamination has completely faded away.
Drink which item? (? for menu, Esc to quit)
You feel much better. The troll closely misses you.
The troll claws you but does no damage. The troll barely misses you.
You puncture the troll!
The troll is almost dead.
The troll bites you!
* * * LOW HITPOINT WARNING * * *
The troll claws you but does no damage. x2
You barely miss the troll.
The troll is almost dead.
The troll closely misses you. The troll claws you!
* * * LOW HITPOINT WARNING * * *
The troll claws you!
You die...
Your body crumbles into a pile of gold.

#...............##...# #.####
#..##......###..##...# #..... #..
#..##.......#..#.# #..... #.#
#..###.........#.# #..... #.
...............<#.#####.....
##..###..........................
... ##..(...........###.####....#
#.. ............#..## #...#......
...###..(......T@..######........
.....................#...........
...............#.###...####......
.....................#.# ##....#
..# #$.......)[..####.# ######
..# #.........#)#####.# ..#
#.<.......#)###...#
..####.........#.....###
#.#............#.#...#


You could see a troll.

Vanquished Creatures
  Nessos (D:12)
  2 hydras (D:12)
  Erolcha (D:8)
  The ghost of trantor the Carver, a powerful HESk of Okawaru (D:8)
  2 hell knights (D:12)
  The ghost of Chiseanne the Skirmisher, an experienced DsWr of Gozag (D:6)
  An ugly thing (D:12)
  A necromancer (D:12)
  2 hill giants
  2 centaur zombies
  Joseph (D:9)
  Psyche (D:8)
  A centaur skeleton (D:10)
  A kobold demonologist (D:11)
  A komodo dragon (D:11)
  2 trolls
  5 slime creatures
  A two-headed ogre (D:9)
  A spriggan (D:9)
  2 wraiths (D:12)
  A deep elf mage (D:9)
  4 yaks (D:12)
  A hill giant zombie (D:10)
  3 hippogriffs
  2 hungry ghosts (D:10)
  Edmund (D:4)
  2 vampire mosquitoes (D:12)
  4 orc warriors
  2 sky beasts
  4 ice beasts
  7 phantoms
  A wasp (D:9)
  2 eyes of draining
  4 hell hounds (D:12)
  A necrophage (D:8)
  5 ogres
  6 centaurs
  A crocodile (D:11)
  9 giant frogs
  6 scorpions
  10 killer bees
  11 wights
  2 crimson imps
  An electric eel (D:12)
  3 jellies
  6 hounds
  9 worker ants
  5 orc priests
  14 orc wizards
  A giant frog skeleton (D:10)
  A killer bee zombie (D:7)
  7 ogre zombies (D:10)
  A hound zombie (D:6)
  20 adders
  A worker ant zombie (D:4)
  6 river rats (Sewer)
  3 shadow imps
  4 oozes
  3 adder zombies
  2 worms
  An adder skeleton (D:6)
  26 orcs
  15 bats
  A bat skeleton (D:6)
  9 giant cockroaches
  13 goblins
  13 hobgoblins
  12 jackals
  10 kobolds
  A quokka (D:7)
  10 ball pythons
  A ball python skeleton (D:4)
  4 giant geckos
  3 giant gecko skeletons
  7 giant newts
  2 goblin skeletons (D:10)
  2 goblin zombies (D:10)
  2 hobgoblin skeletons (D:10)
  5 hobgoblin zombies (D:10)
  3 orc skeletons (D:10)
  10 orc zombies (D:10)
  40 rats
396 creatures vanquished.

Vanquished Creatures (collateral kills)
  Erica (D:9)
  4 hell knights (D:12)
  A hill giant (D:12)
  A centaur skeleton (D:11)
  2 yaks (D:12)
  2 wyverns
  An ogre (D:6)
  3 hell hounds (D:12)
  A killer bee (D:8)
  2 crimson imps
  An orc wizard (D:6)
  3 gnolls (D:3)
  An adder (Sewer)
  3 orcs
  A quokka (D:4)
  A giant newt (D:6)
28 creatures vanquished.

Vanquished Creatures (others)
  An orc priest (D:6)
1 creature vanquished.

Grand Total: 425 creatures vanquished

Notes
Turn   | Place    | Note
--------------------------------------------------------------
     0 | D:1      | Chiseanne the Demonspawn Warper began the quest for the Orb.
     0 | D:1      | Reached XP level 1. HP: 16/16 MP: 3/3
    84 | D:1      | Gained mutation: You sometimes gain a little power by taking damage. [demonic ancestry]
    84 | D:1      | Reached XP level 2. HP: 14/23 MP: 5/5
   305 | D:1      | Reached skill level 1 in Armour
   396 | D:1      | Reached skill level 3 in Translocations
   698 | D:1      | Gained mutation: You are partially covered in rugged brown scales (AC +1, +3% HP). [demonic ancestry]
   698 | D:1      | Reached XP level 3. HP: 18/28 MP: 6/6
  1359 | D:2      | Gained mutation: A weak demonic guardian rushes to your aid. [demonic ancestry]
  1359 | D:2      | Reached XP level 4. HP: 23/35 MP: 7/7
  1856 | D:2      | Found a shimmering altar of Xom.
  1994 | D:2      | Found a stormy altar of Qazlal.
  2518 | D:3      | Learned a level 2 spell: Blink
  2521 | D:3      | Learned a level 2 spell: Shroud of Golubria
  2525 | D:3      | Learned a level 3 spell: Portal Projectile
  2880 | D:3      | Reached XP level 5. HP: 36/42 MP: 9/9
  3416 | D:4      | Found a snail-covered altar of Cheibriados.
  3636 | D:4      | Noticed Edmund
  3690 | D:4      | Killed Edmund
  3850 | D:4      | Found a staircase to the Ecumenical Temple.
  3877 | Temple   | Entered the Ecumenical Temple
  3944 | Temple   | Became a worshipper of Gozag Ym Sagoz the Greedy
  4034 | D:4      | Noticed an ogre
  4043 | D:4      | Killed an ogre
  4043 | D:4      | Gained mutation: You have sharp fingernails. [demonic ancestry]
  4043 | D:4      | Reached XP level 6. HP: 26/49 MP: 10/10
  4572 | D:5      | Entered Level 5 of the Dungeon
  4584 | D:5      | Reached skill level 4 in Fighting
  5042 | D:5      | Found a shattered altar of Ashenzari.
  5214 | D:5      | Gained mutation: You sometimes gain power by taking damage. [demonic ancestry]
  5214 | D:5      | Reached XP level 7. HP: 29/56 MP: 11/11
  6351 | D:6      | Found a glowing drain.
  6430 | Sewer    | Entered a sewer
  6470 | Sewer    | Reached skill level 5 in Fighting
  6972 | Sewer    | Learned a level 3 spell: Teleport Other
  7003 | Sewer    | Got an ancient great mace
  7007 | Sewer    | Identified the +9 great mace "Usoso" {crush, *Corrode Int+4 Stlth+} (You found it in a sewer)
  7299 | Sewer    | Reached XP level 8. HP: 25/63 MP: 13/13
  7736 | D:6      | Noticed Chiseanne's ghost (experienced DsWr)
  7888 | D:6      | Found Ning's Antique Armour Shoppe.
  7905 | D:6      | Found a staircase to the Ecumenical Temple.
  8140 | D:6      | Found a sacrificial altar of Ru.
  8149 | D:6      | Reached skill level 6 in Fighting
  8280 | D:6      | Reached skill level 5 in Armour
  8290 | D:6      | Killed Chiseanne's ghost
  8290 | D:6      | Reached skill level 5 in Translocations
  8290 | D:6      | Reached XP level 9. HP: 64/73 MP: 15/15
  8608 | D:6      | Got a bloodstained chain mail
  8733 | D:6      | Identified the +2 chain mail "Nyshrib" {rF+ Int+3} (You found it on level 6 of the Dungeon)
  8744 | D:6      | Found a blossoming altar of Fedhas.
  9096 | D:6      | Reached skill level 7 in Fighting
  9655 | D:7      | Learned a level 4 spell: Passage of Golubria
  9697 | D:7      | Reached skill level 5 in Dodging
 10111 | D:8      | Reached skill level 5 in Spellcasting
 10471 | D:8      | Noticed trantor's ghost (powerful HESk)
 10481 | D:8      | Killed trantor's ghost
 10506 | D:8      | Reached skill level 8 in Fighting
 10632 | D:8      | Found a staircase to the Lair.
 10658 | D:8      | Gained mutation: You are powered by pain. [demonic ancestry]
 10658 | D:8      | Reached XP level 10. HP: 69/82 MP: 18/18
 10704 | D:8      | Noticed Erolcha
 10720 | D:8      | Killed Erolcha
 10953 | D:8      | Found a sparkling altar of Nemelex Xobeh.
 11144 | D:8      | Noticed Psyche
 11163 | D:8      | Killed Psyche
 11780 | D:9      | Noticed Joseph
 11798 | D:9      | Killed Joseph
 11948 | D:9      | Reached skill level 9 in Fighting
 11965 | D:9      | Noticed Erica
 11996 | D:9      | Killed Erica
 12093 | D:9      | Found an iron altar of Okawaru.
 12129 | D:9      | Found a stormy altar of Qazlal.
 13082 | D:10     | Entered Level 10 of the Dungeon
 13104 | D:10     | Found a staircase to the Orcish Mines.
 13128 | D:10     | Gained mutation: You have very sharp fingernails. [demonic ancestry]
 13128 | D:10     | Reached XP level 11. HP: 91/91 MP: 20/20
 14501 | D:11     | Found Nungisae's Jewellery Shop.
 14507 | D:11     | Bought a +4 ring of slaying for 1092 gold pieces
 14777 | D:11     | Found Zuut's Antique Weapon Shop.
 14787 | D:11     | Noticed a hill giant
 14801 | D:11     | Killed a hill giant
 14801 | D:11     | Reached skill level 10 in Fighting
 15988 | D:11     | Reached skill level 1 in Maces & Flails
 16211 | D:12     | Noticed a six-headed hydra
 16218 | D:12     | Killed a six-headed hydra
 16461 | D:12     | Noticed a hill giant
 16476 | D:12     | Killed a hill giant
 16821 | D:12     | Noticed a hell knight
 16844 | D:12     | Killed a hell knight
 16844 | D:12     | Gained mutation: A demonic guardian rushes to your aid. [demonic ancestry]
 16844 | D:12     | Reached XP level 12. HP: 38/99 MP: 22/22
 17283 | D:12     | Noticed a hell knight
 17285 | D:12     | Noticed a hell knight
 17327 | D:12     | Killed a hell knight
 17397 | D:12     | Killed a hell knight
 17444 | D:12     | Noticed a hell knight
 17447 | D:12     | Noticed a hell knight
 17452 | D:12     | Killed a hell knight
 17454 | D:12     | Noticed a necromancer
 17454 | D:12     | Killed a hell knight
 17459 | D:12     | Killed a necromancer
 17489 | D:12     | Noticed a hell knight
 17796 | D:12     | Killed a hell knight
 17953 | D:12     | Noticed a hill giant
 17958 | D:12     | Killed a hill giant
 17958 | D:12     | Reached skill level 10 in Armour
 18016 | D:12     | Got a warped pewter ring
 18354 | D:12     | Noticed Nessos
 18354 | D:12     | Noticed a five-headed hydra
 18364 | D:12     | Killed Nessos
 18365 | D:12     | Killed a five-headed hydra
 18365 | D:12     | Reached skill level 5 in Maces & Flails
 18450 | D:12     | Slain by a troll

Vault maps used:
D:1:      sevenhm_arrival_forest_fort_small_4, interstate_on_off
D:2:      overflow_temple_1_default, nicolae_qazlal_general_emergency
D:3:      first_bread
D:4:      cheibriados_altar_1, minmay_temple_entry_glass, uniq_edmund
D:5:      ashenzari_altar_1
D:6:      kennysheep_mini_moat, fedhas_altar_3, minmay_temple_entry_mist,
          portal_sewer_entry_c, serial_shops, nicolae_shop_behind_doors,
          kennysheep_doodads
D:8:      nemelex_altar_shiori, lair_0_dummy, uniq_erolcha, uniq_psyche
D:9:      nicolae_overflow_hidden_temple, overflow_temple_1_default, the_bakery,
          uniq_erica, uniq_joseph
D:10:     zombieorc2_lemuel
D:11:     serial_shops, shop, minmay_misc_feat_chi
D:12:     statuecave_lemuel, minmay_rotating_lava, uniq_nessos
Temple:   triangle_lava_temple_12
Sewer:    sewer_minmay_w

Action                   |  1- 3 |  4- 6 |  7- 9 | 10-12 || total
-------------------------+-------+-------+-------+-------++-------
Melee: Hand axe          |   128 |   255 |    42 |       ||   425
       Trident           |       |       |   365 |   416 ||   781
       Great mace        |       |       |    58 |   181 ||   239
 Fire: Blowgun           |       |       |       |    32 ||    32
       Longbow           |       |       |       |     3 ||     3
Throw: Tomahawk          |       |     5 |    16 |    12 ||    33
 Cast: Apportation       |       |       |       |    12 ||    12
Invok: Call Merchant     |       |       |       |     2 ||     2
       Potion Petition   |       |       |       |     1 ||     1
Evoke: Wand              |       |       |     3 |     4 ||     7
  Use: Scroll            |     3 |     9 |     6 |     8 ||    26
       Potion            |       |     3 |     7 |     6 ||    16
 Stab: Sleeping          |     1 |       |       |       ||     1
       Distracted        |       |     1 |     1 |     5 ||     7
       Invisible         |       |       |       |     1 ||     1
  Eat: Chunk             |     2 |     8 |       |       ||    10
       Fruit             |       |     8 |     4 |     4 ||    16
       Bread ration      |       |       |     3 |     3 ||     6
       Beef jerky        |       |       |     2 |     4 ||     6
